AoeStats
← 君士坦丁十一世

Arena

510276929Analyzed
4v4 RM · 2d ago on Sep 30, 2026· 33m 27s· 8 players
Game mode
Random Map
Map size
Large (8 player)
Population
200
Speed
Normal
Resources
Standard
Victory
Conquest
Starting age
Dark Age
Ending age
Imperial Age
RankedLock teamsTeams togetherTeam positionsShared explorationLock speedFull tech treeHidden civsTurbo modeCheats
Victory
Defeat
🇨🇳 Spanish · China
1033
+14
🇨🇳 Burgundians · China
988
+16
🇻🇳 Italians · Vietnam
973
+17
🇨🇳 Celts · China
956
+18
🇨🇳 Poles · China
1031
-18
🇻🇳 Hindustanis · Vietnam
985
-16
🇻🇳 Franks · Vietnam
982
-16
973
-15
Tào Tháo
0:30 Loom
13:17 Feudal Age
14:05 Double-Bit Axe
14:26 Horse Collar
16:31 Wheelbarrow
16:55 Stone Mining
16:57 Gold Mining
20:59 Castle Age
20:08 Forging
Đại Việt 2026
1:20 Loom
11:59 Feudal Age
17:51 Castle Age
16:44 Double-Bit Axe
16:57 Gold Mining
23:54 Scale Mail Armor
28:56 Ballistics
32:15 Murder Holes
35:34 Imperial Age
Mika_168
10:32 Feudal Age
15:03 Castle Age
13:31 Double-Bit Axe
16:28 Bloodlines
16:52 Scale Barding Armor
17:20 Light Cavalry
22:32 Husbandry
25:56 Ballistics
25:40 Fletching
君士坦丁十一世
11:23 Feudal Age
15:14 Castle Age
13:14 Double-Bit Axe
17:10 Horse Collar
18:00 Heavy Plow
22:01 Wheelbarrow
23:16 Hand Cart
26:09 Loom
26:50 Gold Mining
27:50 Fletching
28:00 Padded Archer Armor
31:56 Imperial Age
30:48 Stone Mining
30:55 Bodkin Arrow
31:16 Leather Archer Armor
33:30 Conscription
33:32 Wootz Steel
33:26 Forging
33:17 Scale Mail Armor
juju9292
4:53 Double-Bit Axe
6:36 Horse Collar
8:16 Loom
10:52 Feudal Age
12:29 Bow Saw
13:00 Heavy Plow
17:33 Castle Age
16:32 Gold Mining
16:34 Stone Mining
16:41 Gold Mining
19:50 Two-Man Saw
19:54 Wheelbarrow
20:58 Crop Rotation
21:33 Gold Shaft Mining
21:38 Stone Shaft Mining
23:07 Hand Cart
27:48 Imperial Age
26:08 Scale Barding Armor
26:14 Forging
26:05 Town Watch
27:37 Chain Barding Armor
28:44 Coinage
28:56 Iron Casting
29:18 Plate Barding Armor
28:57 Cavalier
29:50 Husbandry
30:21 Paladin
34:47 Blast Furnace
肥肠拌面
10:53 Feudal Age
14:33 Castle Age
12:21 Double-Bit Axe
12:18 Horse Collar
27:38 Scale Mail Armor
30:16 Bow Saw
30:08 Heavy Plow
34:54 Imperial Age
火枪
13:34 Feudal Age
17:14 Castle Age
15:15 Horse Collar
15:40 Double-Bit Axe
17:04 Bloodlines
18:27 Padded Archer Armor
23:42 Leather Archer Armor
32:23 Heavy Plow
32:15 Gold Mining
32:15 Stone Mining
32:38 Bow Saw
Công An Xã
0:43 Loom
11:43 Feudal Age
12:31 Double-Bit Axe
13:36 Wheelbarrow
16:49 Castle Age
18:09 Hand Cart
18:26 Bow Saw
24:06 Stone Mining
26:49 Horse Collar
30:23 Imperial Age
29:12 Heavy Plow
29:47 Fletching
30:45 Thumb Ring
31:07 Bodkin Arrow
32:53 Light Cavalry
33:43 Bloodlines
Connection lost

Rejoining the realm…

Still unreachable

The connection could not be restored.

Session expired

The server has moved on; the page needs a fresh start.